Map: Prion Terraces

Players

kryptichaos

  • Race: Terran Terran
  • League: Bronze

Mindele - Winner!

  • Race: Terran Terran
  • League: Bronze

VOD

Have the link to the VOD?

Description

Time

  • Played on: May 13, 2016, 10:40 p.m.
  • Length: 7:47
Show
View Real Time Build Order
Export as new Build Order

kryptichaos Terran 

Build Orders:  

Get SALT Encoding   

  12  0:01  SCV  
  13  0:13  SCV  
  14  0:20  Supply Depot  
  14  0:26  SCV  
  15  0:42  Supply Depot  
  15  0:46  Barracks  
  15  0:48  SCV  
  16  0:55  Refinery  
  16  1:13  Barracks  
  16  1:15  SCV  
  17  1:27  SCV  
  18  1:33  Supply Depot  
  18  1:39  SCV  
  19  1:42  Refinery  
  19  1:50  Barracks Tech Lab  
  19  1:51  SCV  
  20  2:04  Barracks Reactor  
  20  2:08  Engineering Bay  
  20  2:10  SCV  
  22  2:22  SCV  
  22  2:23  Supply Depot  
  22  2:35  SCV  
  24  2:40  Marauder  
  25  2:47  SCV  
  25  2:49  Terran Infantry Weapons Level 1  
  26  2:59  SCV  
  26  3:01  Marauder  
  29  3:16  Command Center  
  29  3:34  Engineering Bay  
  29  3:36  Concussive Shells  
  29  3:39  Marauder, Marine x2  
  33  3:52  Supply Depot  
  33  3:57  Marine x2  
  35  4:03  Orbital Command  
  35  4:10  Terran Infantry Armor Level 1  
  35  4:21  Supply Depot, Marine  
  36  4:25  Marine  
  37  4:35  Factory  
  37  4:39  SCV  
  38  4:46  Marauder  
  38  4:51  SCV  
  41  5:02  Combat Shields  
  41  5:03  SCV  
  41  5:06  Marine  
  43  5:08  Marauder  
  45  5:15  SCV  
  46  5:21  Barracks  
  46  5:27  SCV  
  43  5:37  Marine x2  
  43  5:39  SCV  
  37  5:51  SCV  
  37  5:55  Marine x2  
  37  5:56  Marauder  
  35  5:58  Widow Mine  
  31  6:12  Marine  
  31  6:13  Marine x2  
  31  6:18  Marauder  
  32  6:30  Marine x2  
  32  6:31  Marine  
  37  6:39  Marauder  
  36  6:45  Hellion  
  32  6:48  Marine x2  
  32  6:49  Marine  
  28  7:01  Marauder  
  25  7:06  Marine x2  
  25  7:07  Marine, Hellion  
  17  7:21  Marine  
  15  7:24  Marine x2  
  15  7:25  Marine  
Show
View Real Time Build Order
Export as new Build Order

Mindele Terran - Winner!

Build Orders:  

Get SALT Encoding   

  12  0:02  SCV  
  14  0:14  SCV  
  14  0:22  Supply Depot  
  14  0:26  SCV  
  15  0:36  Refinery  
  15  0:44  SCV  
  15  0:47  Barracks  
  16  0:56  SCV  
  17  1:03  Supply Depot  
  17  1:08  SCV  
  18  1:20  SCV  
  18  1:22  Barracks  
  19  1:36  Orbital Command  
  19  1:39  Marine  
  20  1:57  Barracks  
  20  2:00  Marine  
  21  2:02  SCV  
  22  2:10  Reaper  
  22  2:15  SCV  
  24  2:21  Barracks  
  24  2:23  Marine  
  24  2:28  SCV  
  26  2:36  Supply Depot  
  26  2:40  SCV  
  26  2:43  Marine x2  
  29  2:45  Marine  
  30  2:53  SCV  
  30  2:58  Supply Depot  
  31  3:00  Marine  
  31  3:03  Reaper  
  31  3:05  SCV  
  34  3:08  Marine  
  35  3:14  Marine  
  35  3:17  SCV  
  37  3:26  Barracks  
  37  3:29  Marine, SCV  
  39  3:34  Reaper  
  39  3:35  Reaper  
  39  3:38  Reaper  
  42  3:41  SCV  
  42  3:47  Supply Depot  
  43  3:50  Marine  
  43  3:53  SCV  
  45  3:56  Barracks  
  45  4:05  SCV  
  46  4:15  Marine  
  46  4:16  Marine x3  
  46  4:17  Marine  
  50  4:18  SCV  
  50  4:19  Supply Depot  
  52  4:29  Barracks  
  51  4:35  SCV  
  52  4:41  Supply Depot  
  52  4:46  Marine x4  
  52  4:47  Marine, SCV  
  58  5:03  Marine, SCV  
  58  5:06  Marine x3  
  63  5:09  Marine  
  64  5:14  Supply Depot  
  64  5:15  SCV  
  65  5:30  Marine x3  
  65  5:31  Marine  
  64  5:42  Marine  
  59  5:48  Marine x2  
  59  5:49  Marine x2  
  63  5:59  Marine  
  63  6:01  SCV  
  65  6:06  Marine x2  
  65  6:07  Marine  
  67  6:13  SCV  
  62  6:25  Marine  
  62  6:26  Marine x3  
  59  6:49  Marine  
  59  6:50  Marine x4  
  63  7:07  Marine  
  63  7:08  Reaper, Marine x2  
  63  7:16  SCV  
  63  7:25  Marine  
  63  7:28  SCV, Command Center  
  62  7:35  Factory  
Tags
 
Add a new tag
Caveats
  • Supply blocks, unpowered buildings, or Contaminate may cause inaccurate times.
  • Supply counts are checked every 10 seconds.